 Dungeon Crawl Stone Soup version 0.20.1-1-g8b1a95d (webtiles) character file.

9829 Knicklaso the Basher (level 11, -7/115 HPs)
             Began as an Ogre Warper on July 29, 2017.
             Was a Follower of the Shining One.
             Mangled by a crocodile (17 damage)
             ... on level 2 of the Lair of Beasts.
             The game lasted 00:50:43 (18128 turns).

Knicklaso the Basher (Ogre Warper)                 Turns: 18128, Time: 00:50:44

Health: -7/115     AC:  3    Str: 20    XL:     11   Next: 52%
Magic:  13/17      EV: 11    Int: 19    God:    the Shining One [*.....]
Gold:   432        SH:  3    Dex:  8    Spells: 14/18 levels left

rFire    + . .     SeeInvis .   I - +0 giant spiked club
rCold    . . .     Gourm    .   (shield currently unavailable)
rNeg     . . .     Faith    .   x - +0 robe of Loxtont {Int+5} (curse)
rPois    .         Spirit   .   (helmet restricted)
rElec    .         Reflect  +   (no cloak)
rCorr    .         Harm     .   (gloves unavailable)
MR       ++...                  (boots unavailable)
Stlth    +.........             y - +3 amulet of reflection
Regen    0.3/turn               G - ring of protection from magic
MPRegen  0.2/turn               H - ring of protection from fire

@: glowing
A: unfitting armour, tough skin 1
a: Renounce Religion


You were on level 2 of the Lair of Beasts.
You worshipped the Shining One.
The Shining One was aware of your devotion.
You were not hungry.

You visited 3 branches of the dungeon, and saw 12 of its levels.

You collected 591 gold pieces.
You spent 159 gold pieces at shops.

Inventory:

Hand Weapons
 I - a +0 giant spiked club (weapon)
Missiles
 e - 35 poisoned needles
 o - 5 tomahawks (quivered)
 J - 6 steel javelins
Armour
 x - the cursed +0 robe of Loxtont (worn) {Int+5}
   (You bought it in a shop on level 7 of the Dungeon)

   It affects your intelligence (+5).
   It has a curse placed upon it.
 z - a +0 large shield
 N - a +2 robe of the Archmagi
Jewellery
 a - an uncursed ring of ice
 y - a +3 amulet of reflection (around neck)
 G - a ring of protection from magic (left hand)
 H - a ring of protection from fire (right hand)
Wands
 B - a wand of digging (20/24)
 D - a wand of confusion (21/48)
 M - a wand of scattershot (3/9)
Scrolls
 d - 3 scrolls of blinking
 h - 3 scrolls of enchant weapon {unknown}
 i - 2 scrolls of magic mapping {unknown}
 k - a scroll of fog {unknown}
 m - 8 scrolls of identify
 p - 7 scrolls of teleportation {unknown}
 q - 2 scrolls of recharging {unknown}
 s - a scroll of enchant armour {unknown}
 u - 5 scrolls of remove curse {unknown}
 v - 2 scrolls of random uselessness {unknown}
 w - 2 scrolls of amnesia {unknown}
 A - 3 scrolls of fear {unknown}
 F - 3 scrolls of noise {unknown}
 K - a scroll of acquirement {unknown}
Potions
 g - 2 potions of magic
 l - a potion of berserk rage {unknown}
 n - a potion of invisibility {unknown}
 r - 3 potions of lignification
 t - a potion of mutation {unknown}
 C - a potion of agility {unknown}
 E - 3 potions of curing
 L - a potion of flight {unknown}
Books
 c - a book of Spatial Translocations

   Spells                             Type                      Level
   a - Blink                          Translocation                2
   b - Shroud of Golubria             Charms/Translocation         2
   c - Lesser Beckoning               Translocation                3
   d - Gell's Gravitas                Translocation                3
   e - Teleport Other                 Translocation                3
   f - Passage of Golubria            Translocation                4
Comestibles
 b - 15 fruits
 f - 5 bread rations
 j - 6 meat rations
 O - a chunk of flesh


   Skills:
 + Level 9.5 Fighting
 * Level 11.8 Maces & Flails
 - Level 3.0 Throwing
 + Level 4.4 Dodging
 - Level 6.3 Shields
 - Level 4.0 Spellcasting
 - Level 2.1 Charms
 - Level 3.5 Translocations


You had 14 spell levels left.
You knew the following spells:

 Your Spells              Type           Power        Failure   Level  Hunger
a - Shroud of Golubria    Chrm/Tloc      ##........   6%          2    ##.....
b - Blink                 Tloc           N/A          4%          2    ##.....


Dungeon Overview and Level Annotations

Branches:
Dungeon (9/15)             Temple (1/1) D:6            Lair (2/6) D:8
  Swamp: Lair:2-4    Shoals: Lair:2-4     Snake: Lair:2-4    Spider: Lair:2-4
    Orc: D:9-12

Altars:
Ashenzari
Cheibriados
Dithmenos
Elyvilon
Fedhas
Gozag
Hepliaklqana
Kikubaaqudgha
Makhleb
Nemelex Xobeh
Okawaru
Qazlal
Ru
Sif Muna
Trog
Uskayaw
Vehumet
Xom
Yredelemnul
Zin
The Shining One

Shops:
D:7 [

Annotations:
Lair:1 exclusion: oklob plant
Lair:2 WobbleTop's ghost, novice DsGl


Innate Abilities, Weirdness & Mutations

You are too large for most types of armour.
You have tough skin. (AC +1)


Message History

Your shroud falls apart!
A porcupine comes into view.
You closely miss WobbleTop's ghost.
WobbleTop's ghost is almost destroyed.
WobbleTop's ghost misses you.
Casting: Shroud of Golubria
Confirm with . or Enter, or press ? or * to list all spells.
Space distorts slightly along a thin shroud covering your body.
WobbleTop's ghost hits you!
* * * LOW HITPOINT WARNING * * *
You closely miss WobbleTop's ghost.
WobbleTop's ghost is almost destroyed.
The porcupine twitches its whiskers.
WobbleTop's ghost hits you.
* * * LOW HITPOINT WARNING * * *
Your shroud falls apart!
WobbleTop's ghost hits you!
* * * LOW HITPOINT WARNING * * *
The crocodile bites you!
You die...

#..# #..## ....
###.#.##...
.....##.....##..#
.................#
.............r....#
.?../.............#
...............tW.#
................@.#
..................##
..................P#
#......P.##.###...##
##......####.#....#
+.......#.........#
##...>.##.........#
#........#...##....#
##.....###..##P....#


You could see a crocodile, a porcupine and WobbleTop's ghost.

Vanquished Creatures
  Erica (Lair:1)
  A death yak (D:7)
  The ghost of Knicklaso the Skirmisher, a novice OgWr (D:6)
  An elephant (D:8)
  3 spiny frogs (Lair:1)
  A komodo dragon (Lair:1)
  5 blink frogs (Lair:1)
  The ghost of WobbleTop the Changer, an amateur OpTm (D:4)
  A hippogriff (D:8)
  2 basilisks (Lair:1)
  2 yaks (Lair:1)
  Menkaure (D:7)
  The ghost of WobbleTop the Changer, an amateur OpTm (D:5)
  2 water moccasins
  4 porcupines (Lair:1)
  6 orc warriors
  A sky beast (D:6)
  An ice beast (D:8)
  A black bear (D:6)
  5 ogres
  2 centaurs
  4 crocodiles
  Blork the orc (D:5)
  12 bullfrogs
  A scorpion (D:7)
  3 howler monkeys (D:7)
  A centaur zombie (D:8)
  3 crimson imps
  A quasit (D:8)
  3 bullfrog skeletons
  A centaur skeleton (D:6)
  7 orc priests
  2 jellies
  Terence (D:3)
  An iguana (D:5)
  5 orc wizards
  3 worker ants
  A hound zombie (D:5)
  4 gnolls (D:3)
  A howler monkey skeleton (D:4)
  13 adders
  An ooze (D:5)
  An adder skeleton (D:6)
  4 worms
  6 dart slugs
  5 leopard geckos
  40 orcs
  A ball python (D:6)
  9 bats
  5 giant cockroaches
  7 hobgoblins
  11 jackals
  A quokka (D:6)
  7 frilled lizards
  7 goblins
  2 jackal skeletons (D:4)
  10 kobolds
  3 leopard gecko skeletons (D:4)
  2 quokka skeletons
  8 rats
241 creatures vanquished.

Vanquished Creatures (others)
  4 fungi
  A plant (D:8)
5 creatures vanquished.

Grand Total: 246 creatures vanquished

Notes
Turn   | Place    | Note
-------+----------+-------------------------------------------
     0 | D:1      | Knicklaso the Ogre Warper began the quest for the Orb.
     0 | D:1      | Reached XP level 1. HP: 22/22 MP: 3/3
    34 | D:1      | Reached skill level 2 in Maces & Flails
   348 | D:1      | Reached XP level 2. HP: 23/29 MP: 5/5
   537 | D:1      | Learned a level 2 spell: Shroud of Golubria
   540 | D:1      | Learned a level 2 spell: Blink
  1245 | D:1      | Reached XP level 3. HP: 31/36 MP: 3/6
  1978 | D:2      | Reached XP level 4. HP: 24/45 MP: 5/8
  1982 | D:2      | Reached skill level 1 in Charms
  2175 | D:2      | HP: 2/45 [poisoned by an adder]
  2182 | D:2      | HP: 1/45 [poisoned by an adder]
  2190 | D:2      | HP: 1/45 [poisoned by an adder]
  2411 | D:2      | HP: 1/45 [adder (4)]
  2584 | D:2      | Reached skill level 3 in Maces & Flails
  2914 | D:2      | Reached XP level 5. HP: 45/53 MP: 6/9
  4249 | D:3      | Noticed Terence
  4272 | D:3      | Killed Terence
  4485 | D:4      | Reached XP level 6. HP: 61/62 MP: 10/10
  4555 | D:4      | Noticed WobbleTop's ghost (amateur OpTm)
  4673 | D:4      | Found a hazy altar of Hepliaklqana.
  5171 | D:5      | Entered Level 5 of the Dungeon
  5270 | D:5      | Reached skill level 1 in Shields
  5391 | D:4      | Killed WobbleTop's ghost
  5391 | D:4      | Reached skill level 4 in Maces & Flails
  5391 | D:4      | Reached XP level 7. HP: 18/70 MP: 11/13
  6179 | D:5      | Noticed WobbleTop's ghost (amateur OpTm)
  6618 | D:5      | Noticed Blork the orc
  6644 | D:5      | Killed Blork the orc
  6866 | D:5      | Reached skill level 5 in Maces & Flails
  7015 | D:5      | Reached XP level 8. HP: 78/78 MP: 11/14
  7132 | D:5      | Killed WobbleTop's ghost
  7167 | D:6      | Reached skill level 6 in Maces & Flails
  7501 | D:6      | Reached skill level 7 in Maces & Flails
  7579 | D:6      | Noticed Knicklaso's ghost (novice OgWr)
  7637 | D:6      | Killed Knicklaso's ghost
  7637 | D:6      | Reached skill level 8 in Maces & Flails
  7637 | D:6      | Reached XP level 9. HP: 37/84 MP: 12/15
  8102 | D:5      | Reached skill level 5 in Shields
  8417 | D:7      | Noticed Menkaure
  8874 | D:6      | Found a staircase to the Ecumenical Temple.
  8895 | Temple   | Entered the Ecumenical Temple
  9050 | D:6      | Found a deep blue altar of Sif Muna.
  9464 | D:7      | Killed Menkaure
  9500 | D:7      | Found Zadiacae's Antique Armour Boutique.
  9600 | D:7      | Bought a fabulously ornate robe for 159 gold pieces
  9610 | D:7      | Identified the cursed +0 robe of Loxtont {Int+5} (You bought it in a shop on level 7 of the Dungeon)
  9836 | D:7      | Reached skill level 9 in Maces & Flails
 10326 | D:7      | Found a glowing golden altar of the Shining One.
 10329 | D:7      | Became a worshipper of the Shining One
 10463 | D:7      | Found a sacrificial altar of Ru.
 10688 | D:8      | Reached skill level 5 in Fighting
 11013 | D:8      | Noticed a death yak
 11043 | D:7      | HP: 4/88 [bullfrog (4)]
 11057 | D:7      | HP: 4/88 [bullfrog (4)]
 11464 | D:8      | Found an opulent altar of Gozag.
 11854 | D:8      | Found a staircase to the Lair.
 11949 | D:7      | HP: 3/88 [orc warrior/war axe of venom (7)]
 11950 | D:7      | HP: 1/88 [poisoned by an orc warrior]
 11961 | D:7      | Reached XP level 10. HP: 9/96 MP: 5/16
 12330 | D:8      | HP: 4/98 [orc warrior/short sword (13)]
 12351 | D:7      | HP: 4/98 [orc warrior/short sword (15)]
 12747 | D:7      | The Shining One protects you from harm!
 13224 | D:8      | Noticed an elephant
 13593 | D:8      | Killed an elephant
 13598 | D:8      | Reached skill level 10 in Maces & Flails
 14370 | D:7      | Killed a death yak
 15545 | Lair:1   | Entered Level 1 of the Lair of Beasts
 15907 | Lair:1   | Reached skill level 11 in Maces & Flails
 16141 | Lair:1   | Noticed a spiny frog
 16150 | Lair:1   | Killed a spiny frog
 16150 | Lair:1   | Reached XP level 11. HP: 94/111 MP: 12/17
 17422 | Lair:1   | Noticed an oklob plant
 17512 | Lair:1   | Reached * piety under the Shining One
 17960 | Lair:2   | Noticed WobbleTop's ghost (novice DsGl)
 17961 | Lair:2   | Noticed Erica
 17993 | Lair:1   | Killed Erica
 18128 | Lair:2   | Mangled by a crocodile

Skill      XL: |  1  2  3  4  5  6  7  8  9 10 11 |
---------------+----------------------------------+-----
Maces & Flails | 2 3 4 5 8 9 11 | 11.8
Fighting       | 3 4 5 8 9 |  9.5
Translocations | 3 |  3.5
Charms         | 1 2 |  2.1
Spellcasting   | 3 4 |  4.0
Shields        | 1 2 4 6 |  6.3
Throwing       | 3 |  3.0
Dodging        | 3 4 |  4.4

Action                   |  1- 3 |  4- 6 |  7- 9 | 10-12 || total
-------------------------+-------+-------+-------+-------++-------
Melee: Mace              |   152 |   295 |    77 |       ||   524
       Giant spiked club |       |       |   279 |   249 ||   528
Throw: Tomahawk          |     1 |     4 |     8 |    16 ||    29
       Throwing net      |       |     1 |       |       ||     1
       Javelin           |       |       |    11 |    15 ||    26
 Cast: Shroud of Golubri |     7 |    34 |    72 |    61 ||   174
       Blink             |       |     1 |    23 |    18 ||    42
Evoke: Wand              |       |       |     3 |     3 ||     6
  Use: Potion            |       |     1 |     4 |     1 ||     6
       Scroll            |       |       |     3 |     2 ||     5
 Stab: Held in net/web   |       |     1 |       |       ||     1
       Sleeping          |       |     1 |       |       ||     1
  Eat: Chunk             |     4 |    13 |    21 |    22 ||    60
       Royal jelly       |       |       |     2 |       ||     2
Armor: Robe              |    81 |    97 |    73 |    37 ||   288
Dodge: Dodged            |   124 |   200 |   227 |   139 ||   690
Block: Large shield      |       |    12 |     9 |       ||    21
       Other             |       |       |    51 |    33 ||    84
